 Dungeon Crawl Stone Soup version 0.19-a0-1759-g6269c0e (webtiles) character file.

105 Ihatecarrots00 the Chopper (level 4, 0/41 HPs)
             Began as a Minotaur Berserker on Oct 19, 2016.
             Was a Believer of Trog.
             Killed by divine providence
             ... invoked by an orc priest
              (12 damage)
             ... on level 3 of the Dungeon.
             The game lasted 00:02:50 (1223 turns).

Ihatecarrots00 the Chopper (Minotaur Berserker)     Turns: 1223, Time: 00:02:51

Health: 0/41       AC:  2    Str: 22    XL:     4   Next: 54%
Magic:  3/3        EV:  9    Int:  4    God:    Trog [**....]
Gold:   127        SH:  7    Dex: 10    Spells: 0 memorised, 3 levels left

rFire  . . .     SeeInvis .     a - +0 hand axe
rCold  . . .     Gourm    .     b - +0 animal skin
rNeg   . . .     Faith    .     n - +0 shield
rPois  .         Spirit   .     (helmet restricted)
rElec  .         Dismiss  .     (no cloak)
rCorr  .         Reflect  .     (no gloves)
MR     .....     Harm     .     (no boots)
Stlth  +.........               (no amulet)
                                (no ring)
                                (no ring)

@: lethally poisoned (0 -> -4)
A: retaliatory headbutt, horns 2
a: Berserk, Trog's Hand, Burn Spellbooks, Renounce Religion


You were on level 3 of the Dungeon.
You worshipped Trog.
Trog was pleased with you.
You were not hungry.

You visited 1 branch of the dungeon, and saw 3 of its levels.

You collected 127 gold pieces.

Inventory:

Hand Weapons
 a - a +0 hand axe (weapon)
Armour
 b - a +0 animal skin (worn)
 n - a +0 shield (worn)
Jewellery
 c - a +3 ring of evasion {unknown}
 j - an uncursed ring of wizardry {unknown}
Wands
 d - a wand of slowing (31/48)
Scrolls
 e - a scroll of immolation {unknown}
 k - a scroll of magic mapping
Potions
 f - a potion of curing {unknown}
 h - a potion of lignification {unknown}
 l - a potion of haste {unknown}


   Skills:
 + Level 4.9 Fighting
 + Level 4.9 Axes
 + Level 2.5 Armour
 + Level 2.9 Dodging
 + Level 0.3 Stealth


You had 3 spell levels left.
You didn't know any spells.

Dungeon Overview and Level Annotations

Branches:
Dungeon (3/15)
 Temple: D:3-6         Lair: D:-1         Crypt: Vaults:-1     Tomb: Vaults:-1

Altars:


Innate Abilities, Weirdness & Mutations

You reflexively headbutt those who attack you in melee.
You have a pair of horns on your head.


Message History

You hit the orc.
You kill the orc!
Trog accepts your kill. The orc misses you.
You hit the orc.
You kill the orc!
Trog accepts your kill.
You hit the orc priest but do no damage.
The orc priest barely misses you. You furiously retaliate!
You headbutt the orc priest, but do no damage.
The adder bites you.
You are poisoned.
The adder poisons you!
You hit the orc priest but do no damage.
You hit the adder.
You feel sick. The orc priest closely misses you. You furiously retaliate!
You headbutt the orc priest. The adder bites you.
* * * LOW HITPOINT WARNING * * *
The orc priest calls down the wrath of Beogh upon you.
Beogh smites you!
You die...

#........#
#........#
#........#
#.......##
#........#
###......#
#####'#####
#.......##
#...@)..(#
#...So.....#
#.......####
#.......#
#.......#
#.......#
###+##...
.###


You could see an orc priest and an adder.

Vanquished Creatures
  A howler monkey (D:3)
  2 adders
  4 dart slugs
  3 orcs (D:3)
  A bat (D:1)
  2 giant cockroaches (D:1)
  3 goblins
  3 hobgoblins
  7 jackals
  4 frilled lizards
  6 kobolds
  2 rats
38 creatures vanquished.

Notes
Turn   | Place    | Note
-------+----------+-------------------------------------------
     0 | D:1      | Ihatecarrots00 the Minotaur Berserker began the quest for the Orb.
     0 | D:1      | Reached XP level 1. HP: 19/19 MP: 0/0
    85 | D:1      | Reached XP level 2. HP: 20/27 MP: 1/1
   491 | D:2      | Reached ** piety under Trog
   491 | D:2      | Reached XP level 3. HP: 20/33 MP: 2/2
  1172 | D:3      | Reached XP level 4. HP: 31/41 MP: 3/3
  1223 | D:3      | Killed from afar by an orc priest

Vault maps used:
D:1:      grunt_arrival_crossed_arrows
D:2:      first_bread
D:3:      lemuel_castle_with_subvaults, grunt_temple_overflow_diamond,
          uniq_natasha

Skill      XL: |  1  2 |
---------------+-------+-----
Fighting       | 4 |  4.9
Axes           | 4 |  4.9
Armour         | |  2.5
Dodging        | |  2.9
Stealth        | |  0.3

Action                   |  1- 3 |  4- 6 || total
-------------------------+-------+-------++-------
Melee: Hand axe          |    69 |    14 ||    83
       Headbutt          |    14 |     1 ||    15
  Use: Scroll            |     6 |       ||     6
 Stab: Sleeping          |     1 |       ||     1
Armor: Animal skin       |    11 |       ||    11
Dodge: Dodged            |    40 |     5 ||    45
Block: Shield            |    12 |     6 ||    18
